 Dungeon Crawl Stone Soup version 0.29-a0-275-g389c0b56f3 (webtiles) character file.

Game seed: 8547646179450166758

154737 Ijustatesigmund the Severer (level 17, 0/163 HPs)
             Began as a Minotaur Fighter on Mar 11, 2022.
             Was the Champion of the Shining One.
             Slain by a naga warrior
             ... wielding a +0 morningstar
              (27 damage)
             ... on level 4 of the Snake Pit.
             The game lasted 00:49:51 (31912 turns).

Ijustatesigmund the Severer (Minotaur Fighter)     Turns: 31912, Time: 00:49:53

Health: 0/163      AC: 27    Str: 29    XL:     17   Next: 7%
Magic:  31/33      EV: 14    Int:  5    God:    the Shining One [******]
Gold:   872        SH: 15    Dex: 10    Spells: 16/16 levels left

rFire   + + +      SeeInvis .   C - +8 frozen axe "Frostbite" {freezing cloud, *Noise Fly rC+}
rCold   + . .      Faith    .   (shield currently unavailable)
rNeg    + + +      Spirit   .   x - +2 chain mail {rPois}
rPois   +          Reflect  +   J - +0 hat of Negation {MP+9 Str+4 Slay+2 Stlth-}
rElec   +          Harm     .   p - +2 cloak {rCorr}
rCorr   +          Rampage  ∞   d - +1 pair of gloves
Will    ++...                   D - +3 pair of seven-league boots {Rampage+∞}
Stlth   ..........              Y - amulet of reflection
HPRegen 0.37/turn               T - ring "Eklilagg" {rElec rF+++ Will+ Str-4 Slay+4}
MPRegen 0.23/turn               g - +4 ring of evasion

@: divinely shielded, flying, glowing, constricted, studying Ice Magic
A: horns 2, retaliatory headbutt
a: Renounce Religion, Divine Shield, Cleansing Flame, Summon Divine Warrior,
Brand Weapon With Holy Wrath


You were on level 4 of the Snake Pit.
You worshipped the Shining One.
The Shining One was exalted by your worship.
You visited 6 branches of the dungeon, and saw 29 of its levels.
You visited 1 bazaar.
You also visited: Sewer, Bailey and Ice Cave.

You collected 3311 gold pieces.
You spent 2439 gold pieces at shops.

Inventory:

Hand Weapons
 a - a +7 vorpal broad axe
 e - a +2 morningstar of protection
 C - the +8 frozen axe "Frostbite" (weapon) {freezing cloud, *Noise Fly rC+}
   (You acquired it on level 10 of the Dungeon)

   It freezes those it strikes, dealing additional cold damage.
   It can also slow down cold-blooded creatures.
   It occasionally leaves clouds of freezing vapour upon striking a foe.
   It grants immunity to clouds of freezing vapour.
   rC:        It protects you from cold.
   Fly:       It grants you flight.
   *Noise:    It may make noises in combat.
Missiles
 m - 4 throwing nets (quivered)
Armour
 b - +0 fire dragon scales
 c - a +2 kite shield
 d - a +1 pair of gloves (worn)
 p - a +2 cloak of preservation (worn)
 x - a +2 chain mail of poison resistance (worn)
 D - the +3 pair of seven-league boots (worn) {Rampage+∞}
   (You acquired it on level 2 of the Snake Pit)

   Its wearer moves as far as possible in that direction when moving towards
   enemies.
 J - the +0 hat of Negation (worn) {MP+9 Str+4 Slay+2 Stlth-}
   (You acquired it on level 10 of the Dungeon)

   Str:       It affects your strength (+4).
   Slay:      It affects your accuracy & damage with ranged weapons and melee
   (+2).
   MP:        It affects your magic capacity (+9).
   Stlth:     It makes you less stealthy.
 R - the +8 ring mail of the Old and Reckless {MP+9 Dex+3}
   (You found it on level 2 of the Lair of Beasts)

   Dex:       It affects your dexterity (+3).
   MP:        It affects your magic capacity (+9).
Jewellery
 g - a +4 ring of evasion (right hand)
 n - a ring of flight
 z - an amulet of the acrobat
 E - a ring of protection from cold
 M - a ring of resist corrosion
 T - the ring "Eklilagg" (left hand) {rElec rF+++ Will+ Str-4 Slay+4}
   (You found it in an ice cave)

   [ring of slaying]

   Str:       It affects your strength (-4).
   Slay:      It affects your accuracy & damage with ranged weapons and melee
   (+4).
   rF:        It renders you almost immune to fire.
   rElec:     It insulates you from electricity.
   Will:      It increases your willpower.
 Y - an amulet of reflection (around neck)
Wands
 u - a wand of digging (16)
 w - a wand of flame (40)
 I - a wand of charming (7)
 N - a wand of iceblast (33)
 P - a wand of mindburst (11)
 X - a wand of paralysis (5)
Scrolls
 l - 9 scrolls of teleportation
 q - a scroll of magic mapping
 v - 6 scrolls of identify
 F - 2 scrolls of fog
 H - 2 scrolls of summoning
 L - 2 scrolls of blinking
 O - 2 scrolls of immolation
 Q - 4 scrolls of holy word
 S - 3 scrolls of fear
 W - a scroll of silence
Potions
 f - 6 potions of resistance
 h - 3 potions of ambrosia
 i - 3 potions of attraction
 j - 6 potions of cancellation
 k - 6 potions of curing
 o - 5 potions of mutation
 r - 6 potions of haste
 s - 3 potions of brilliance
 t - 6 potions of flight
 A - 4 potions of heal wounds
 B - 2 potions of magic
 G - 2 potions of lignification
 K - 8 potions of might
 U - a potion of berserk rage


   Skills:
 + Level 18.1 Fighting
 + Level 20.6 Axes
 + Level 16.2 Armour
 + Level 12.0 Dodging
 - Level 8.7 Shields
 + Level 11.7 Invocations


You had 16 spell levels left.
You didn't know any spells.
Your spell library contained the following spells:

 Spells                   Type           Power      Damage    Failure   Level
 Foxfire                  Conj/Fire      0%         2x1d4     86%         1
 Pain                     Necr           0%         1d4       86%         1
 Ensorcelled Hibernation  Hex/Ice        0%         N/A       95%         2
 Passwall                 Tmut/Erth      0%         N/A       95%         2
 Static Discharge         Conj/Air       0%         N/A       95%         2
 Conjure Flame            Conj/Fire      0%         6-21      99%         3
 Inner Flame              Hex/Fire       0%         N/A       99%         3
 Ozocubu's Armour         Ice            0%         N/A       99%         3
 Swiftness                Air            0%         N/A       99%         3
 Airstrike                Air            0%         N/A       100%        4
 Flame Wave               Conj/Fire      0%         2d4       100%        4
 Olgreb's Toxic Radiance  Pois           0%         N/A       100%        4
 Summon Lightning Spire   Summ/Air       0%         N/A       100%        4
 Agony                    Necr           0%         N/A       100%        5
 Alistair's Intoxication  Tmut/Pois      0%         N/A       100%        5
 Blade Hands              Tmut           0%         N/A       100%        5
 Excruciating Wounds      Necr           0%         N/A       100%        5
 Freezing Cloud           Conj/Ice/Air   0%         6-21      100%        5
 Lightning Bolt           Conj/Air       0%         1d11      100%        5
 Metabolic Englaciation   Hex/Ice        0%         N/A       100%        5
 Silence                  Hex/Air        0%         N/A       100%        5
 Yara's Violent Unravell  Hex/Tmut       0%         3d3       100%        5
 Simulacrum               Ice/Necr       0%         N/A       100%        6
 Ozocubu's Refrigeration  Ice            0%         4d5       100%        7
 Ignition                 Fire           0%         3d3       100%        8
 Maxwell's Capacitive Co  Air            0%         ∞         100%        8
 Polar Vortex             Ice            0%         N/A       100%        9


Dungeon Overview and Level Annotations

Branches:
Dungeon (15/15)            Temple (1/1) D:6            Lair (6/6) D:9
  Swamp (0/4) Lair:3        Snake (4/4) Lair:2        Slime (0/5) Lair:5
    Orc (2/2) D:10            Elf (0/3) Orc:2        Vaults (0/5) D:13
 Depths (1/4) D:15          Sewer (visited)          Bailey (visited)
  IceCv (visited)

Altars:
Ashenzari
Cheibriados
Dithmenos
Elyvilon
Fedhas
Gozag
Hepliaklqana
Kikubaaqudgha
Makhleb
Nemelex Xobeh
Okawaru
Qazlal
Ru
Sif Muna
Trog
Uskayaw
Vehumet
Wu Jian
Xom
Yredelemnul
Zin
The Shining One
Beogh

Shops:
D:2 =   D:8 ?   D:15 [   Orc:1 *   Orc:2 *[?=[   Snake:2 !?(

Portals:
Pandemonium: Orc:2

Annotations:
D:14 2 transporters
Lair:2 2 transporters, exclusion: ice statue, stil's ghost, journeyman MfIE


Innate Abilities, Weirdness & Mutations

You have a pair of horns on your head.
You reflexively headbutt those who attack you in melee.


Message History

You are too injured to fight recklessly!
You are too injured to fight recklessly!
You are too injured to fight recklessly!
You are too injured to fight recklessly!
You are too injured to fight recklessly!
You are too injured to fight recklessly!
You are too injured to fight recklessly!
You are too injured to fight recklessly!
Unknown command.
You are too injured to fight recklessly!
A divine shield forms around you!
You feel sick. You block the black mamba's attack.
The naga warrior hits you but does no damage.
The naga warrior constricts you.
The naga warrior hits you with a +0 morningstar!!!
* * * LOW HITPOINT WARNING * * *
A salamander mystic comes into view. It is wielding a +0 quarterstaff.
You feel much better.
You feel sick. You block the black mamba's attack.
The naga warrior hits you but does no damage.
The naga warrior constricts you.
The black mamba bites you but does no damage.
The naga warrior spits poison at you.
The splash of poison reflects off an invisible shield around you!
The splash of poison hits the naga warrior but does no damage.
The naga warrior is poisoned.
You feel better. The black mamba barely misses you. You furiously retaliate!
You headbutt the black mamba! The naga warrior spits poison at you.
The splash of poison reflects off an invisible shield around you!
The naga warrior blocks the splash of poison.
The naga warrior constricts you. You block the black mamba's attack.
The naga warrior hits you with a +0 morningstar!!
* * * LOW HITPOINT WARNING * * *
Blink to where?
Press: ? - help, Dir - move target The naga warrior's grasp on you weakens, but your attempt to escape fails.
As you read the scroll of blinking, it crumbles to dust.
You block the black mamba's attack.
The naga warrior hits you with a +0 morningstar!!
You die...

#......$...... ...
#.............
#...#+####.............
#.....†................
#.......).............
#............)........
#..##..#######)....##
#. #..##..S).†)....# #
#...#...N@......##
.....#...N########
.....##... ... ###N ##


You could see 2 naga warriors, a black mamba and a naga (strong).

Vanquished Creatures
  A nagaraja (Snake:4)
  An orc warlord (Orc:2)
  A stone giant (D:15)
  The ghost of benitares the Arsonist, a journeyman DgFE (Orc:2)
  A fire dragon (D:9)
  An ettin (D:13)
  An ice dragon (Depths:1)
  Josephine (D:10)
  2 boulder beetles
  2 demonspawn (Orc:2)
  5 ogre magi
  5 centaur warriors
  6 hydras
  A death knight (D:14)
  8 naga warriors
  11 anacondas
  A two-headed ogre (shapeshifter) (D:15)
  An ice dragon (shapeshifter) (D:13)
  5 catoblepae
  6 two-headed ogres
  6 death yaks (Lair:6)
  4 tengu warriors
  3 shock serpents (Snake:3)
  6 naga sharpshooters
  A shock serpent (shapeshifter) (D:13)
  11 orc high priests (Orc:2)
  3 sun demons (Orc:2)
  4 skeletal warriors (D:15)
  6 sea snakes
  2 naga ritualists
  A bog body (Lair:3)
  A phantasmal warrior (D:13)
  Pikel (D:7)
  A wizard (D:13)
  13 ugly things
  3 deep elf pyromancers
  8 mana vipers
  5 salamanders
  5 orc sorcerers
  9 orc knights
  5 manticores
  30 elephants
  22 black mambas
  4 cyclopes
  10 naga magi
  4 guardian serpents
  4 gargoyles
  3 ice statues (IceCv)
  Maggie (D:10)
  11 cane toads
  3 rime drakes
  7 komodo dragons
  3 freezing wraiths (D:14)
  2 efreet (D:15)
  Psyche (D:11)
  A kobold demonologist (D:10)
  An anaconda simulacrum (IceCv)
  A yaktaur (D:15)
  An entropy weaver simulacrum (IceCv)
  4 trolls
  A meliai (shapeshifter) (D:11)
  3 meliai (D:13)
  2 hornets (Orc:1)
  2 polar bears
  3 slime creatures (D:15)
  21 blink frogs
  2 shadows
  A centaur simulacrum (D:15)
  9 wraiths
  2 basilisks
  A steam dragon (shapeshifter) (D:13)
  A wyvern (Lair:6)
  A vampire (D:11)
  38 yaks
  6 vampire mosquitoes (D:13)
  A steam dragon (D:9)
  27 nagas
  7 wargs
  2 acid dragons
  17 water moccasins
  A floating eye (Orc:1)
  46 orc warriors
  A sky beast (D:5)
  2 ice beasts
  7 ogres
  39 wolves
  18 centaurs
  A phantom (D:6)
  2 lemures (D:7)
  2 kobold brigands
  A gnoll sergeant (D:12)
  2 scorpions
  12 bullfrogs
  A necrophage (D:5)
  2 cane toad simulacra
  16 wights
  2 elephant simulacra
  7 howler monkeys
  3 electric eels
  A crimson imp (D:5)
  2 hounds
  7 jellies
  42 orc priests
  2 gnoll shamans
  Terence (D:2)
  7 hell rats (Lair:2)
  6 iguanas
  25 orc wizards
  2 polar bear simulacra
  3 wolf simulacra
  Robin (D:4)
  18 gnolls
  6 adders
  11 river rats
  3 shadow imps
  5 worms
  A dart slug (D:3)
  116 orcs
  9 ball pythons
  3 bat zombies (D:9)
  17 endoplasms
  7 giant cockroaches
  15 goblins
  8 hobgoblins
  15 jackals
  3 quokkas
  6 bats
  4 frilled lizards
  23 kobolds
  16 rats
969 creatures vanquished.

Vanquished Creatures (others)
  2 naga warriors (Snake:3)
  An orc (Orc:2)
  38 fungi
  49 plants
90 creatures vanquished.

Grand Total: 1059 creatures vanquished

Notes
Turn   | Place    | Note
-------+----------+-------------------------------------------
     0 | D:1      | Ijustatesigmund the Minotaur Fighter began the quest for
                  | the Orb.
     0 | D:1      | Reached XP level 1. HP: 19/19 MP: 0/0
   170 | D:1      | Reached skill level 3 in Axes
   200 | D:1      | Reached XP level 2. HP: 27/27 MP: 1/1
   875 | D:1      | Reached XP level 3. HP: 33/33 MP: 2/2
  1008 | D:1      | Found a faded altar of an unknown god.
  1460 | D:2      | Reached skill level 4 in Axes
  2038 | D:2      | Found Romoono's Jewellery Shoppe.
  2038 | D:2      | Noticed Terence
  2048 | D:2      | Killed Terence
  2049 | D:2      | Reached XP level 4. HP: 12/41 MP: 3/3
  2645 | D:3      | Reached skill level 5 in Axes
  2718 | D:3      | Noticed a bullfrog
  2727 | D:3      | Killed a bullfrog
  2728 | D:3      | Reached skill level 5 in Fighting
  2728 | D:3      | Reached XP level 5. HP: 36/48 MP: 4/4
  3475 | D:4      | Found a glowing drain.
  3479 | Sewer    | Entered a sewer
  3521 | Sewer    | Noticed a water moccasin
  3527 | Sewer    | Killed a water moccasin
  3528 | Sewer    | Reached skill level 1 in Dodging
  3528 | Sewer    | Reached XP level 6. HP: 55/57 MP: 5/5
  3657 | D:4      | Reached skill level 6 in Axes
  3924 | D:4      | Noticed Robin
  3928 | D:4      | Killed Robin
  4372 | D:4      | Reached XP level 7. HP: 39/63 MP: 6/6
  5103 | D:5      | Entered Level 5 of the Dungeon
  5120 | D:5      | Reached skill level 5 in Armour
  5768 | D:5      | Reached skill level 7 in Axes
  5860 | D:5      | Reached XP level 8. HP: 68/73 MP: 7/7
  6432 | D:5      | Found a shimmering altar of Xom.
  6432 | D:5      | Found a burning altar of Makhleb.
  7094 | D:6      | Found a hazy altar of Hepliaklqana.
  7102 | D:6      | Reached skill level 5 in Dodging
  7104 | D:6      | Found a snail-covered altar of Cheibriados.
  7106 | D:6      | Found a basalt altar of Yredelemnul.
  7106 | D:6      | Found a stormy altar of Qazlal.
  7107 | D:6      | Found a glowing golden altar of the Shining One.
  7108 | D:6      | Found a sparkling altar of Nemelex Xobeh.
  7109 | D:6      | Found a shadowy altar of Dithmenos.
  7232 | D:6      | Found a staircase to the Ecumenical Temple.
  7237 | D:6      | Reached skill level 8 in Axes
  7432 | D:6      | Reached XP level 9. HP: 81/81 MP: 8/8
  7935 | Temple   | Entered the Ecumenical Temple
  8587 | D:7      | Noticed Pikel
  8609 | D:7      | Killed Pikel
  8610 | D:7      | Reached skill level 9 in Axes
  8789 | D:7      | Identified the +1 leather armour of Sorcery {rF+}
  9287 | D:8      | Found Mefej's Magic Scroll Emporium.
  9303 | D:8      | Reached skill level 5 in Shields
  9453 | D:8      | Found an iron altar of Okawaru.
 10199 | D:9      | Reached skill level 10 in Axes
 10254 | D:9      | Reached skill level 10 in Fighting
 10254 | D:9      | Reached XP level 10. HP: 85/93 MP: 9/9
 10314 | D:9      | Identified the +3 scale mail of Okhas {rElec}
 10557 | D:9      | Found an ancient bone altar of Kikubaaqudgha.
 11098 | D:9      | Noticed a fire dragon
 11098 | D:9      | Found a staircase to the Lair.
 11114 | D:9      | Killed a fire dragon
 11115 | D:9      | Reached skill level 11 in Axes
 11458 | D:10     | Entered Level 10 of the Dungeon
 11458 | D:10     | Found a flagged portal.
 11465 | D:10     | Noticed Maggie
 11491 | D:10     | Killed Maggie
 11499 | D:10     | Found a staircase to the Orcish Mines.
 11505 | Bailey   | Entered a bailey
 11996 | Bailey   | Noticed an orc knight
 12002 | Bailey   | Noticed an orc knight
 12481 | D:10     | Reached XP level 11. HP: 94/104 MP: 10/10
 12873 | D:10     | Found a broken altar of Ashenzari.
 12951 | D:10     | Reached skill level 12 in Axes
 13038 | D:10     | Noticed Josephine
 13053 | D:10     | Killed Josephine
 13874 | D:10     | Acquired the +8 frozen axe "Frostbite" {freezing cloud,
                  | *Noise Fly rC+}
 13874 | D:10     | Found the +8 frozen axe "Frostbite" {freezing cloud, *Noise
                  | Fly rC+}
 13886 | D:10     | Acquired 560 gold pieces
 13890 | D:10     | Acquired the +0 hat of Negation {MP+9 Str+4 Slay+2 Stlth-}
 13978 | D:11     | Noticed Psyche
 13983 | D:11     | Killed Psyche
 14455 | D:11     | Reached skill level 13 in Axes
 14495 | D:11     | Noticed a boulder beetle
 14501 | D:11     | Killed a boulder beetle
 14800 | D:12     | Noticed a two-headed ogre
 14807 | D:12     | Killed a two-headed ogre
 15024 | D:12     | Noticed a deep elf pyromancer
 15029 | D:12     | Killed a deep elf pyromancer
 15030 | D:12     | Reached skill level 14 in Axes
 15105 | D:12     | Noticed a deep elf pyromancer
 15117 | D:12     | Killed a deep elf pyromancer
 15123 | D:12     | Noticed a two-headed ogre
 15129 | D:12     | Killed a two-headed ogre
 15323 | D:12     | Reached skill level 15 in Axes
 15755 | D:13     | Noticed a centaur warrior
 15760 | D:13     | Killed a centaur warrior
 15761 | D:13     | Reached XP level 12. HP: 106/113 MP: 11/11
 15931 | D:13     | Reached skill level 16 in Axes
 16398 | D:13     | Noticed a centaur warrior
 16403 | D:13     | Killed a centaur warrior
 16484 | D:13     | Reached skill level 17 in Axes
 16764 | D:13     | Noticed an ice dragon
 16770 | D:13     | Killed an ice dragon
 16919 | D:13     | Noticed an ettin
 16923 | D:13     | Killed an ettin
 16945 | D:13     | Found a gate to the Vaults.
 17048 | D:13     | Reached skill level 18 in Axes
 17635 | D:6      | Became a worshipper of the Shining One
 17756 | Lair:1   | Entered Level 1 of the Lair of Beasts
 17770 | Lair:1   | Reached skill level 1 in Invocations
 17811 | Lair:1   | Reached XP level 13. HP: 106/122 MP: 14/14
 18179 | Lair:1   | Reached skill level 10 in Armour
 18624 | Lair:2   | Found a staircase to the Snake Pit.
 18656 | Lair:2   | Found a transporter.
 18700 | Lair:2   | Noticed stil's ghost (journeyman MfIE)
 18723 | Lair:2   | Found a transporter.
 18748 | Lair:2   | Identified the +8 ring mail of the Old and Reckless {MP+9
                  | Dex+3}
 19275 | Lair:2   | Reached * piety under the Shining One
 19790 | Lair:3   | Reached skill level 5 in Invocations
 20115 | Lair:3   | Identified the +10 falchion "Amoics Bakk" {holy, Int+4
                  | Dex+2}
 20182 | Lair:3   | Found an ancient bone altar of Kikubaaqudgha.
 20194 | Lair:3   | Found a staircase to the Swamp.
 20706 | Lair:4   | Reached ** piety under the Shining One
 20751 | Lair:4   | You are sucked into a shaft and drop 2 floors!
 20751 | Lair:6   | Entered Level 6 of the Lair of Beasts
 20766 | Lair:5   | Found a frozen archway.
 20787 | IceCv    | Entered an ice cave
 20861 | IceCv    | Reached *** piety under the Shining One
 20876 | IceCv    | Identified the ring "Eklilagg" {rElec rF+++ Will+ Str-4
                  | Slay+4}
 20982 | Lair:5   | Identified the +0 scale mail of Midsummer {rPois}
 21013 | Lair:5   | Found a staircase to the Slime Pits.
 21310 | Lair:5   | Reached XP level 14. HP: 133/133 MP: 18/18
 21665 | Lair:6   | Reached skill level 15 in Fighting
 21776 | Lair:6   | Got the Volume of Changing and Weightlessness
 21862 | Lair:6   | Reached **** piety under the Shining One
 23437 | Orc:1    | Entered Level 1 of the Orcish Mines
 23491 | Orc:1    | Found Eleduo's Assorted Antiques.
 23501 | Orc:1    | Bought a scroll labelled WUOMIT PEHUROS for 29 gold pieces
 23630 | Orc:2    | Entered Level 2 of the Orcish Mines
 23648 | Orc:2    | Found Naybb's Armour Emporium.
 23838 | Orc:2    | Reached ***** piety under the Shining One
 23840 | Orc:2    | Noticed an orc warlord
 24293 | Orc:2    | Killed an orc warlord
 24294 | Orc:2    | Reached XP level 15. HP: 144/144 MP: 20/20
 24392 | Orc:2    | Found a runed translucent gate.
 24393 | Orc:2    | Found a runed translucent gate.
 24395 | Orc:2    | Found a runed translucent gate.
 24404 | Orc:2    | Noticed benitares's ghost (journeyman DgFE)
 24411 | Orc:2    | Killed benitares's ghost
 24609 | Orc:1    | Reached skill level 19 in Axes
 24887 | Orc:2    | Found Nome Ova's General Store.
 24895 | Orc:2    | Found Josi Bou's Magic Scroll Shop.
 25182 | Orc:2    | Reached ****** piety under the Shining One
 25228 | Orc:2    | Found Dugevoaz's Antique Armour Emporium.
 25228 | Orc:2    | Found Ogaot's Jewellery Shoppe.
 25228 | Orc:2    | Found a one-way gate leading to the halls of Pandemonium.
 25324 | Orc:2    | Found a staircase to the Elven Halls.
 25462 | Orc:2    | Bought a scroll of teleportation for 45 gold pieces
 25462 | Orc:2    | Bought a scroll of blinking for 112 gold pieces
 25462 | Orc:2    | Bought a scroll of brand weapon for 300 gold pieces
 25462 | Orc:2    | Bought a scroll of teleportation for 45 gold pieces
 25686 | D:14     | Found a transporter.
 25922 | D:14     | Reached skill level 10 in Dodging
 26041 | D:14     | Reached skill level 10 in Invocations
 26082 | D:14     | Found a transporter.
 26470 | D:15     | Entered Level 15 of the Dungeon
 26501 | D:15     | Found Fujuh's Antique Armour Shoppe.
 26615 | D:15     | Reached XP level 16. HP: 119/155 MP: 22/22
 26620 | D:15     | Reached skill level 15 in Armour
 27162 | D:15     | Identified the +2 leather armour of Vunyl {Will+ Int-3
                  | Stlth+}
 28014 | D:15     | Found a staircase to the Depths.
 28675 | Depths:1 | Entered Level 1 of the Depths
 29055 | Snake:1  | Entered Level 1 of the Snake Pit
 29240 | Snake:1  | Reached skill level 20 in Axes
 29993 | Snake:1  | Identified the +0 chain mail "Yxaoh" {rF+}
 30982 | Snake:2  | Found Taled's Weapon Emporium.
 30984 | Snake:2  | Found Fynnimp's Magic Scroll Shoppe.
 30986 | Snake:2  | Found Nyviokh's Distillery.
 30992 | Snake:2  | Bought a scroll of acquirement for 884 gold pieces
 30992 | Snake:2  | Acquired the +3 pair of seven-league boots {Rampage+∞}
 30992 | Snake:2  | Found the +3 pair of seven-league boots {Rampage+∞}
 31008 | Snake:2  | Bought a potion of mutation for 136 gold pieces
 31008 | Snake:2  | Bought a potion of haste for 170 gold pieces
 31083 | Snake:3  | Found a flickering gateway to a bazaar.
 31105 | Bazaar   | Entered a bazaar
 31105 | Bazaar   | Found Waotzuo's Jewellery Shop.
 31138 | Bazaar   | Found Himipsic's Antique Weapon Shoppe.
 31145 | Bazaar   | Found Congi's Book Emporium.
 31149 | Bazaar   | Found Bok Qubb's Jewellery Shoppe.
 31159 | Bazaar   | Found Ryixapim's Distillery.
 31167 | Bazaar   | Bought 2 potions of curing for 90 gold pieces
 31167 | Bazaar   | Bought a potion of haste for 150 gold pieces
 31167 | Bazaar   | Bought a potion of mutation for 120 gold pieces
 31167 | Bazaar   | Bought a potion of magic for 120 gold pieces
 31184 | Bazaar   | Bought an ebony war axe for 238 gold pieces
 31184 | Bazaar   | Identified the +0 war axe "Pendulum" {vorpal, rPois} (You
                  | bought it in a shop in a bazaar)
 31839 | Snake:4  | Entered Level 4 of the Snake Pit
 31863 | Snake:4  | Reached XP level 17. HP: 159/163 MP: 24/24
 31912 | Snake:4  | Slain by a naga warrior

Illustrated notes

Levels and vault maps discovered:
D:1:      amcnicky_arrival_wind_blow, layout_basic,
          hellmonk_ecumenical_altar_heavens_door, chequers_serial_rivers_small_b
D:2:      minmay_alternating_diamond, layout_loops_cross, serial_shops,
          nicolae_square_shop, uniq_terence
D:3:      layout_basic
D:4:      layout_loops_corners, gup_sewer_entry_bowl, uniq_robin
D:5:      layout_loops_corners, grunt_temple_overflow_champion_of_chaos,
          dk_rats_in_the_wall
D:6:      layout_basic, minitemple, minmay_temple_entry_offerings,
          hangedman_abyss_or_decor_lesser_grid
D:7:      layout_basic, uniq_pikel
D:8:      layout_basic, okawaru_ov_weapons_minmay, serial_shops,
          kennysheep_mini, kennysheep_big_empty_room
D:9:      layout_basic, lemuel_zombie_altar_kikubaaqudgha,
          minmay_lair_entry_lava, kennysheep_diamond
D:10:     layout_loops_cross, nicolae_ashenzari_skybound, orc_0_dummy,
          enter_bailey_5, kennysheep_minor_cross, uniq_maggie, uniq_josephine
D:11:     layout_loops_ring, uniq_psyche
D:12:     layout_basic
D:13:     layout_gridville, david_vaults_4
D:14:     gammafunk_beogh_shrine, layout_small_grid, minmay_misc_feat_doors
D:15:     grunt_enter_depths_snipers, layout_loops_cross, serial_glass,
          glass_columns_b, glass_columns_a, glass_columns_a, glass_columns_c,
          glass_columns_a, minmay_strange_pillars, item_on_display_a,
          feat_on_display, due_unseen_surprise, serial_shops,
          nicolae_shop_overgrown_old_shop
Temple:   dpeg_chambers_temple
Lair:1:   layout_regular_city, columned_hall_lemuel
Lair:2:   layout_roguey, guppyfry_snake_entry_island, nzn_ghost_randoct
Lair:3:   layout_small_grid, skrybe_swamp_entry_bodies, basic_altar,
          cheibrodos_lair_caveside_slide, lemuel_fruit_tree
Lair:4:   layout_roguey, minivault_24
Lair:5:   cheibrodos_lair_river_kwai, layout_hall_layers,
          nicolae_slime_entry_slimehenge, portal_ice_cave_entry_ice_simulacra
Lair:6:   evilmike_catoblepas_cave, layout_regular_city,
          grunt_forest_large_clearings, lemuel_fruit_fields
Snake:1:  layout_rooms, grunt_ministairs_11, grunt_megastairs_3,
          serial_bayou_shore_a
Snake:2:  nicolae_sea_snake_s, layout_onion, grunt_megastairs_2,
          minmay_shop_star
Snake:3:  layout_onion_interference, serial_shops, bzr_entry_dummy
Snake:4:  grunt_snake_rune_serpentine_throne, layout_cave_town,
          amcnicky_altar_lugonu_corruption
Orc:1:    hellmonk_paralyzer, layout_caves, serial_shops, shop
Orc:2:    pf_orc_diabolical, layout_caves, serial_shops, nicolae_shop_trees,
          ebering_ghost_rock_garden
Depths:1: layout_honeycomb, hell_entry, corexii_corridor_pit, serial_shops,
          shop, grunt_decor_cap, nicolae_rare_books, minmay_liquid_box,
          nicolae_elyvilon_peaceful_grove

Skill      XL: |  1  2  3  4  5  6  7  8  9 10 11 12 13 14 15 16 17 |
---------------+----------------------------------------------------+-----
Axes           | 3 4 5 6 7 8 10 11 15 18 19 20 | 20.6
Fighting       | 4 5 6 7 8 10 11 12 13 14 16 17 18 | 18.1
Armour         | 4 5 7 9 12 13 14 16 | 16.2
Dodging        | 1 2 3 5 6 8 10 11 12 | 12.0
Shields        | 6 8 |  8.7
Invocations    | 2 7 8 10 11 | 11.7

Action                   |  1- 3 |  4- 6 |  7- 9 | 10-12 | 13-15 | 16-18 || total
-------------------------+-------+-------+-------+-------+-------+-------++-------
Melee: War axe           |    89 |   156 |   361 |   207 |       |       ||   813
       Headbutt          |    10 |    15 |    57 |    71 |   126 |    65 ||   344
       Executioner's axe |       |       |       |   147 |   544 |   225 ||   916
       Morningstar       |       |       |       |       |    16 |       ||    16
Throw: Throwing net      |       |       |       |     1 |       |       ||     1
Invok: Cleansing Flame   |       |       |       |       |     3 |     2 ||     5
       Divine Shield     |       |       |       |       |     2 |     2 ||     4
Evoke: Wand              |       |       |       |     5 |     1 |       ||     6
  Use: Potion            |     1 |       |       |     7 |       |     6 ||    14
       Scroll            |       |    13 |    10 |     9 |    11 |     5 ||    48
 Stab: Invisible         |       |       |       |     2 |       |       ||     2
       Held in net/web   |       |       |       |     1 |       |       ||     1
Armor: Scale mail        |    37 |    60 |    94 |       |       |       ||   191
       Chain mail        |       |       |    13 |    11 |       |    60 ||    84
       Fire dragon scale |       |       |       |   106 |     8 |       ||   114
       Ring mail         |       |       |       |       |   192 |    12 ||   204
Dodge: Dodged            |    30 |    65 |   190 |   343 |   521 |   156 ||  1305
Block: Buckler           |    22 |    26 |    52 |    67 |       |       ||   167
       Other             |       |       |       |       |    22 |    66 ||    88
       Reflection        |       |       |       |       |       |     7 ||     7

Table legend: (Time is in decaauts)
 A = Elapsed time spent in this place.
 B = Non-inter-level travel time spent in this place.
 C = Inter-level travel time spent in this place.
 D = Time resting spent in this place.
 E = Time spent auto-exploring this place.
 F = Levels seen in this place.
 G = Mean time per level.
                   A        B        C        D        E       F      G
               +--------+--------+--------+--------+--------+-----+--------+
         Total |  32041 |  30344 |   1697 |   5680 |  20029 |  33 |  970.9 |
       Dungeon |  20357 |  19320 |   1037 |   4114 |  12706 |  15 | 1357.1 |
        Temple |    248 |    238 |     10 |      0 |    188 |   1 |  248.0 |
          Lair |   5543 |   5159 |    384 |    508 |   3864 |   6 |  923.8 |
     Snake Pit |   2759 |   2752 |      7 |    463 |   1853 |   4 |  689.8 |
  Orcish Mines |   2218 |   1962 |    256 |    411 |   1078 |   2 | 1109.0 |
        Depths |     13 |     12 |      1 |      0 |      0 |   1 |   13.0 |
        Bazaar |     99 |     99 |      0 |      0 |     56 |   1 |   99.0 |
         Sewer |    146 |    146 |      0 |      0 |     86 |   1 |  146.0 |
        Bailey |    507 |    507 |      0 |    184 |    185 |   1 |  507.0 |
      Ice Cave |    145 |    145 |      0 |      0 |     12 |   1 |  145.0 |
               +--------+--------+--------+--------+--------+-----+--------+

Top non-repeatable levels by time:
    D:15: 2228 daAuts
    D:10: 2057 daAuts
     D:4: 1830 daAuts
    D:13: 1773 daAuts
  Lair:6: 1663 daAuts
     D:5: 1513 daAuts
     D:9: 1460 daAuts
     D:1: 1442 daAuts
     D:2: 1195 daAuts
   Orc:2: 1160 daAuts
  Lair:2: 1092 daAuts
 Snake:2: 1081 daAuts
     D:6: 1072 daAuts
   Orc:1: 1058 daAuts
  Lair:3: 1053 daAuts
